 Dungeon Crawl Stone Soup version 0.28-a0-1002-gf00fe891ef (webtiles) character file.

Game seed: 2915404167620346165

28355 shae68 the Spear-Bearer (level 13, -2/106 HPs)
             Began as a Formicid Fighter on Dec 7, 2021.
             Was a Priest of the Shining One.
             Slain by a frost giant (25 damage)
             ... in an ice cave.
             The game lasted 01:13:59 (19330 turns).

shae68 the Spear-Bearer (Formicid Fighter)         Turns: 19330, Time: 01:14:00

Health: -2/106     AC: 20    Str: 26    XL:     13   Next: 72%
Magic:  0/13       EV:  7    Int: 14    God:    the Shining One [***...]
Gold:   715        SH:  7    Dex: 16    Spells: 12/12 levels left

rFire   . . .      SeeInvis +   n - +5 trident
rCold   + . .      Faith    .   c - +0 buckler
rNeg    + . .      Spirit   +   x - +0 plate armour
rPois   +          Reflect  .   (helmet unavailable)
rElec   .          Harm     .   (no cloak)
rCorr   +          Rampage  .   H - +0 pair of gloves "Zadohar" {rF+ Dex+6}
Will    +....                   f - +2 pair of boots
Stlth   ..........              h - amulet of guardian spirit
HPRegen 0.27/turn               r - ring "Biosucw" {Contam rPois rCorr Int+6}
MPRegen 0.13/turn               y - ring of ice

@: mighty, glowing
A: permanent stasis, dig shafts and tunnels, antennae 3, four strong arms
a: Dig, Renounce Religion, Divine Shield, Cleansing Flame


You were in an ice cave.
You worshipped the Shining One.
The Shining One was most pleased with you.
You visited 3 branches of the dungeon, and saw 14 of its levels.
You also visited: Ice Cave.

You collected 715 gold pieces.

Inventory:

Hand Weapons
 n - a +5 trident (weapon)
Missiles
 i - 62 poisoned darts (quivered)
 k - 9 curare-tipped darts
 A - 2 throwing nets
Armour
 c - a +0 buckler (worn)
 e - a +0 pair of gloves
 f - a +2 pair of boots (worn)
 x - a +0 plate armour (worn)
 H - the +0 pair of gloves "Zadohar" (worn) {rF+ Dex+6}
   (You found it in an ice cave)

   Dex:       It affects your dexterity (+6).
   rF:        It protects you from fire.
Jewellery
 a - a ring of resist corrosion
 h - an amulet of guardian spirit (around neck)
 r - the ring "Biosucw" (left hand) {Contam rPois rCorr Int+6}
   (You found it on level 4 of the Dungeon)

   [ring of intelligence]

   Int:       It affects your intelligence (+6).
   rPois:     It protects you from poison.
   Contam:    It causes magical contamination when unequipped.
   rCorr:     It protects you from acid and corrosion.
 y - a ring of ice (right hand)
 D - a ring of magical power
Wands
 b - a wand of iceblast (14)
 p - a wand of flame (5)
 v - a wand of acid (10)
 z - a wand of digging (5)
 G - a wand of paralysis (5)
Scrolls
 j - a scroll of fog
 s - 2 scrolls of silence
 t - 4 scrolls of identify
 u - 3 scrolls of enchant armour
 B - 2 scrolls of amnesia
 C - 2 scrolls of fear
Potions
 g - a potion of haste
 l - 5 potions of brilliance
 m - 3 potions of flight
 o - 7 potions of curing
 q - a potion of mutation
 w - 3 potions of berserk rage
 E - a potion of magic
 F - a potion of resistance {unknown}


   Skills:
 + Level 11.4 Fighting
 * Level 14.1 Polearms
 + Level 11.4 Armour
 - Level 5.0 Stealth
 + Level 12.4 Shields


You had 12 spell levels left.
You didn't know any spells.
Your spell library contained the following spells:

 Spells                   Type           Power      Damage    Failure   Level
 Magic Dart               Conj           0%         1d3       94%         1
 Dazzling Flash           Conj/Hex       0%         N/A       100%        3
 Gell's Gravitas          Tloc           0%         N/A       100%        3
 Lesser Beckoning         Tloc           0%         N/A       100%        3
 Ozocubu's Armour         Ice            0%         N/A       100%        3
 Teleport Other           Tloc           0%         N/A       100%        3
 Blade Hands              Tmut           0%         N/A       100%        5
 Fireball                 Conj/Fire      0%         3d3       100%        5
 Irradiate                Conj/Tmut      0%         3d13      100%        5
 Iskenderun's Battlesphe  Conj           0%         2d6       100%        5
 Metabolic Englaciation   Hex/Ice        0%         N/A       100%        5
 Summon Forest            Summ/Tloc      0%         N/A       100%        5
 Conjure Ball Lightning   Conj/Air       0%         3x3d6     100%        6
 Simulacrum               Ice/Necr       0%         N/A       100%        6
 Dragon Form              Tmut           0%         N/A       100%        7
 Orb of Destruction       Conj           0%         N/A       100%        7


Dungeon Overview and Level Annotations

Branches:
Dungeon (10/15)            Temple (1/1) D:7            Lair (3/6) D:9
  IceCv (1/1)
  Swamp: Lair:2-4    Shoals: Lair:2-4     Snake: Lair:2-4    Spider: Lair:2-4
    Orc: D:9-12

Altars:
Ashenzari
Cheibriados
Dithmenos
Elyvilon
Fedhas
Gozag
Hepliaklqana
Kikubaaqudgha
Makhleb
Nemelex Xobeh
Okawaru
Qazlal
Ru
Sif Muna
Trog
Uskayaw
Vehumet
Wu Jian
Xom
Yredelemnul
Zin
The Shining One

Shops:
D:2 *   D:9 (


Innate Abilities, Weirdness & Mutations

You cannot be hasted, slowed, berserked, paralysed or teleported.
You can dig through walls and to a lower floor.
You have a pair of large antennae on your head. (SInv)
Your four strong arms can wield two-handed weapons with a shield.


Message History

You feel very mighty all of a sudden.
You feel better. The yak gores you but does no damage.
You puncture the yak!
The yak is moderately wounded.
The yak gores you but does no damage.
You puncture the yak!
The yak is severely wounded.
The rime drake breathes ice at you. The flash freeze hits you!!
You partially resist.
* * * LOW HITPOINT WARNING * * *
You are encased in ice.
You impale the rime drake!!
The rime drake is heavily wounded.
The yak gores you.
* * * LOW HITPOINT WARNING * * *
You puncture the yak!
The yak is almost dead.
You block the rime drake's attack. The frost giant casts a spell at you.
The bolt of cold hits the rime drake!!
The rime drake resists.
The rime drake dies!
The bolt of cold hits you. You resist.
* * * LOW HITPOINT WARNING * * *
You puncture the yak!
You kill the yak!
You puncture the yak!
The yak is moderately wounded.
You puncture the yak!
The yak is heavily wounded.
The yak gores you!
* * * LOW HITPOINT WARNING * * *
You block the frost giant's attack.
You hit the yak.
The yak is severely wounded.
You puncture the yak!
The yak is almost dead.
The ice encasing you melts away. The yak gores you but does no damage.
The frost giant hits you with a +1 battleaxe of freezing!!
You die...

######## ########
##...Y@C## ##..k...###
##...###..####...C.##.{#
#(.⌠.[###...#....######{
##.h.## ###...####≈≈≈≈≈≈
###..# ####### ###≈≈≈≈≈
#..####..######.##≈≈≈≈
###..#.##..#.#..≈≈≈≈≈≈
###.#####.Y##.#≈≈≈≈≈ ###
###....#≈≈≈≈


You could see a frost giant and a yak.

Vanquished Creatures
  A two-headed ogre (D:7)
  8 death yaks
  2 black mambas (Lair:1)
  An ice statue (IceCv)
  5 cane toads
  14 komodo dragons
  An unseen horror (D:8)
  Psyche (D:9)
  A troll (D:10)
  7 polar bears (IceCv)
  13 blink frogs
  Prince Ribbit (Lair:3)
  Grinder (D:3)
  A wraith (D:10)
  3 wyverns
  2 basilisks
  42 yaks
  Sigmund (D:3)
  5 water moccasins
  2 ice beasts
  4 orc warriors
  A sky beast (D:7)
  4 black bears
  A swamp drake (D:9)
  16 wolves
  A centaur (D:10)
  3 kobold brigands
  2 phantoms
  3 bullfrogs
  3 scorpions
  3 wights (D:8)
  A howler monkey (D:9)
  2 electric eels (Lair:2)
  A bullfrog zombie (D:5)
  A centaur skeleton (D:5)
  A centaur zombie (D:8)
  2 hounds
  8 orc priests
  3 gnoll shamans
  2 jellies
  A bullfrog skeleton (D:7)
  6 orc wizards
  3 iguanas
  2 killer bee zombies
  19 gnolls
  5 adders
  6 river rats (D:6)
  3 white imps
  2 worms (D:4)
  An adder skeleton (D:4)
  3 dart slugs
  43 orcs
  7 ball pythons
  6 endoplasms
  4 giant cockroaches
  4 goblins
  3 hobgoblins
  4 jackals (D:2)
  8 quokkas
  9 bats
  4 frilled lizards
  16 kobolds
  17 rats
350 creatures vanquished.

Vanquished Creatures (others)
  A rime drake (IceCv)
  14 fungi
  9 plants
24 creatures vanquished.

Grand Total: 374 creatures vanquished

Notes
Turn   | Place    | Note
-------+----------+-------------------------------------------
     0 | D:1      | shae68 the Formicid Fighter began the quest for the Orb.
     0 | D:1      | Reached XP level 1. HP: 18/18 MP: 1/1
    94 | D:1      | Reached XP level 2. HP: 18/24 MP: 2/2
   439 | D:1      | Reached XP level 3. HP: 29/29 MP: 3/3
   746 | D:2      | Found Xodimen's General Store.
   784 | D:2      | Reached XP level 4. HP: 30/37 MP: 4/4
   923 | D:2      | Reached skill level 3 in Polearms
   987 | D:2      | Found a faded altar of an unknown god.
  1016 | D:2      | Prayed at the altar of an unknown god.
  1016 | D:2      | Became a worshipper of Sif Muna the Loreminder
  1016 | D:2      | Reached * piety under Sif Muna
  1025 | D:2      | Fell from the grace of Sif Muna
  1850 | D:3      | Reached XP level 5. HP: 42/42 MP: 5/5
  2571 | D:3      | Noticed Sigmund
  2626 | D:3      | Killed Sigmund
  2627 | D:3      | Reached skill level 4 in Polearms
  2627 | D:3      | Reached XP level 6. HP: 45/49 MP: 6/6
  2680 | D:3      | Noticed Grinder
  2713 | D:3      | Killed Grinder
  2714 | D:3      | Reached skill level 5 in Shields
  2714 | D:3      | Reached XP level 7. HP: 40/55 MP: 7/7
  3078 | D:4      | Identified the +7 hand crossbow "Lagebb" {freeze, Int+4}
  3191 | D:4      | Reached skill level 5 in Polearms
  3401 | D:4      | Reached skill level 5 in Fighting
  3401 | D:4      | Reached skill level 5 in Armour
  3510 | D:4      | Identified the ring "Biosucw" {Contam rPois rCorr Int+6}
  3685 | D:5      | Entered Level 5 of the Dungeon
  3827 | D:4      | Reached XP level 8. HP: 42/62 MP: 6/8
  4128 | D:5      | Reached skill level 6 in Polearms
  4750 | D:5      | Found a glowing golden altar of the Shining One.
  4797 | D:5      | Became a worshipper of the Shining One
  5882 | D:6      | Reached XP level 9. HP: 68/69 MP: 9/9
  5930 | D:6      | Reached skill level 7 in Polearms
  7950 | D:7      | Found a staircase to the Ecumenical Temple.
  7987 | Temple   | Entered the Ecumenical Temple
  8290 | Temple   | Was forgiven by Sif Muna
  8428 | D:7      | Got the Reference Book on Displacement and Combat Magic
  8524 | D:7      | Reached skill level 8 in Polearms
  8803 | D:7      | Found a stormy altar of Qazlal.
  8874 | D:8      | Noticed a two-headed ogre
  8917 | D:7      | Killed a two-headed ogre
  8918 | D:7      | Reached XP level 10. HP: 23/79 MP: 1/10
  9382 | D:8      | Reached * piety under the Shining One
  9646 | D:8      | Noticed an unseen horror
  9657 | D:8      | Killed an unseen horror
  9658 | D:8      | Reached skill level 9 in Polearms
 10397 | D:9      | Found Kynili's Weapon Emporium.
 10455 | D:9      | Noticed a komodo dragon
 10455 | D:9      | Noticed a komodo dragon
 10479 | D:9      | Killed a komodo dragon
 10545 | D:9      | Killed a komodo dragon
 10614 | D:9      | Found a staircase to the Lair.
 10648 | D:9      | Noticed a komodo dragon
 10659 | D:9      | Killed a komodo dragon
 10893 | D:9      | Noticed Psyche
 10900 | D:9      | Killed Psyche
 10901 | D:9      | Reached skill level 10 in Polearms
 10915 | D:9      | Reached ** piety under the Shining One
 11273 | D:9      | Reached XP level 11. HP: 75/87 MP: 8/11
 11503 | D:10     | Entered Level 10 of the Dungeon
 12214 | Lair:1   | Entered Level 1 of the Lair of Beasts
 12435 | Lair:1   | Reached skill level 11 in Polearms
 12714 | Lair:1   | Reached skill level 1 in Stealth
 13012 | Lair:1   | Reached skill level 10 in Shields
 13938 | Lair:1   | Reached XP level 12. HP: 86/96 MP: 10/12
 14106 | Lair:1   | You fall into a shaft and drop 1 floor!
 14805 | Lair:1   | Reached skill level 12 in Polearms
 15730 | Lair:2   | Reached skill level 10 in Fighting
 16010 | Lair:2   | Reached skill level 10 in Armour
 16119 | Lair:2   | Reached skill level 5 in Stealth
 17153 | Lair:3   | Noticed a death yak
 17155 | Lair:3   | Noticed a death yak
 17170 | Lair:3   | Noticed a death yak
 17187 | Lair:2   | Killed a death yak
 17237 | Lair:2   | Killed a death yak
 17391 | Lair:3   | Killed a death yak
 17446 | Lair:3   | Noticed Prince Ribbit
 17612 | Lair:3   | Killed Prince Ribbit
 17634 | Lair:3   | Reached XP level 13. HP: 71/104 MP: 10/13
 17666 | Lair:3   | Found a frozen archway.
 17677 | Lair:3   | Noticed a four-headed hydra
 17680 | IceCv    | Entered an ice cave
 17700 | IceCv    | Reached skill level 13 in Polearms
 18016 | IceCv    | Identified the +0 pair of gloves "Zadohar" {rF+ Dex+6}
 18058 | IceCv    | Reached *** piety under the Shining One
 18181 | IceCv    | Identified the +4 morningstar "Lokk" {vorpal, Fly rPois
                  | rN+}
 19037 | IceCv    | Noticed a frost giant
 19124 | IceCv    | Reached skill level 14 in Polearms
 19330 | IceCv    | Slain by a frost giant

Illustrated notes

Levels and vault maps discovered:
D:1:      scummos_arrival_simple_crosswalls, layout_loops_ring
D:2:      layout_basic, hellmonk_ecumenical_altar_arch_garden, serial_shops,
          shop_fountains
D:3:      layout_basic, patterned_corridor, uniq_sigmund, uniq_grinder
D:4:      layout_basic, roderic_nine_men_s_morris
D:5:      layout_cave_pools, nicolae_tso_swordbearing_angel
D:6:      lemuel_ratsnest, layout_cave_pools, corner_web_ring
D:7:      layout_basic, kennysheep_mini, minmay_temple_entry_purple_smoke
D:8:      layout_cave_pools, grunt_ministairs_12
D:9:      layout_irregular_city, erik_lair_dragon, serial_shops, shop,
          uniq_psyche
D:10:     layout_roguey
Temple:   mainiacjoe_temple_cubbyholes
Lair:1:   layout_gridlike, beast_lair_carwin_8
Lair:2:   layout_layer_cave, infiniplex_staircase_pool
Lair:3:   layout_loops_ring, spider_nest_entry_a,
          portal_ice_cave_entry_pillars_2, uniq_prince_ribbit2
IceCv:    ice_cave_caverns_02

Skill      XL: |  1  2  3  4  5  6  7  8  9 10 11 12 13 |
---------------+----------------------------------------+-----
Shields        | 4 5 6 8 9 10 11 12 | 12.4
Polearms       | 3 4 5 6 8 10 11 12 14 | 14.1
Armour         | 4 5 6 7 8 9 10 11 | 11.4
Fighting       | 4 5 6 7 8 9 10 11 | 11.4
Stealth        | 3 5 |  5.0

Action                   |  1- 3 |  4- 6 |  7- 9 | 10-12 | 13-15 || total
-------------------------+-------+-------+-------+-------+-------++-------
Melee: Trident           |    73 |   132 |   355 |   645 |   329 ||  1534
Throw: Dart              |       |       |     5 |    90 |    12 ||   107
Invok: Renounce Religion |       |     1 |       |       |       ||     1
       Divine Shield     |       |       |       |     1 |       ||     1
 Abil: Dig               |       |       |     1 |     7 |       ||     8
  Use: Scroll            |     3 |       |    12 |     8 |       ||    23
       Potion            |       |     1 |     3 |     3 |     2 ||     9
Armor: Scale mail        |    27 |    41 |    97 |       |       ||   165
       Plate armour      |       |       |    35 |   203 |   105 ||   343
Dodge: Dodged            |    28 |    37 |   117 |   124 |    49 ||   355
Block: Buckler           |     8 |    22 |    61 |   135 |    63 ||   289

Table legend: (Time is in decaauts)
 A = Elapsed time spent in this place.
 B = Non-inter-level travel time spent in this place.
 C = Inter-level travel time spent in this place.
 D = Time resting spent in this place.
 E = Time spent auto-exploring this place.
 F = Levels seen in this place.
 G = Mean time per level.
                   A        B        C        D        E       F      G
               +--------+--------+--------+--------+--------+-----+--------+
         Total |  19116 |  18358 |    758 |   6166 |   7127 |  15 | 1274.4 |
       Dungeon |  12303 |  11545 |    758 |   3120 |   5830 |  10 | 1230.3 |
        Temple |    395 |    395 |      0 |     51 |    289 |   1 |  395.0 |
          Lair |   4876 |   4876 |      0 |   2127 |    982 |   3 | 1625.3 |
      Ice Cave |   1541 |   1541 |      0 |    868 |     26 |   1 | 1541.0 |
               +--------+--------+--------+--------+--------+-----+--------+

Top non-repeatable levels by time:
  Lair:1: 2442 daAuts
  Lair:2: 2058 daAuts
     D:9: 1785 daAuts
     D:5: 1738 daAuts
     D:6: 1561 daAuts
     D:7: 1554 daAuts
   IceCv: 1541 daAuts
     D:3: 1404 daAuts
     D:2: 1118 daAuts
     D:4: 920 daAuts
     D:8: 805 daAuts
     D:1: 750 daAuts
    D:10: 664 daAuts
  Temple: 395 daAuts
  Lair:3: 375 daAuts
